 Dungeon Crawl Stone Soup version 0.27.1-33-g824d729ab1 (webtiles) character file.

Game seed: 10671649295840151312

1355 Gabide the Cudgeller (level 8, -1/62 HPs)
             Began as a Human Monk on Nov 29, 2021.
             Slain by a wyvern zombie (4 damage)
             ... on level 6 of the Dungeon.
             The game lasted 00:11:40 (6788 turns).

Gabide the Cudgeller (Human Monk)                   Turns: 6788, Time: 00:11:40

Health: -1/62      AC:  9    Str: 13    XL:     8   Next: 95%
Magic:  8/8        EV: 12    Int: 11    God:
Gold:   290        SH:  0    Dex: 16    Spells: 7/7 levels left

rFire    . . .     SeeInvis +   n - +1 flail (vorpal)
rCold    + . .     Faith    .   (no shield)
rNeg     . . .     Spirit   .   e - +1 ring mail {Will+}
rPois    .         Reflect  .   m - +0 helmet
rElec    .         Harm     .   q - scarf {+Inv}
rCorr    .         Rampage  .   (no gloves)
Will     +....                  r - +0 pair of boots
Stlth    ++........             (no amulet)
HPRegen  0.20/turn              b - ring of protection from cold
MPRegen  0.11/turn              o - ring of see invisible

@: no status effects
A: no striking features
a: Evoke Invisibility


You were on level 6 of the Dungeon.
You visited 1 branch of the dungeon, and saw 6 of its levels.
You also visited: Sewer.

You collected 290 gold pieces.

Inventory:

Hand Weapons
 n - a +1 vorpal flail (weapon)
Armour
 e - a +1 ring mail of willpower (worn)
 m - a +0 helmet (worn)
 q - a scarf of invisibility (worn)
 r - a +0 pair of boots (worn)
Jewellery
 b - a ring of protection from cold (left hand)
 o - a ring of see invisible (right hand)
Wands
 a - a wand of flame (18)
 g - a wand of polymorph (8)
 l - a wand of charming (5)
Scrolls
 c - a scroll of fog
 f - 6 scrolls of teleportation
 s - a scroll of acquirement {unknown}
Potions
 d - a potion of lignification {unknown}
 i - a potion of berserk rage {unknown}
 j - a potion of flight
 k - a potion of resistance {unknown}
 p - 2 potions of degeneration {unknown}


   Skills:
 + Level 5.0 Fighting
 - Level 4.5(6.1) Axes
 * Level 5.3(6.1) Maces & Flails
 - Level 3.0(4.2) Polearms
 + Level 4.1 Armour
 + Level 4.2 Dodging
 + Level 3.2 Stealth
 - Level 0.1 Evocations


You had 7 spell levels left.
You didn't know any spells.
Your spell library contained the following spells:

 Spells                   Type           Power      Damage    Failure   Level
 Corona                   Hex            0%         N/A       58%         1
 Ensorcelled Hibernation  Hex/Ice        0%         N/A       73%         2
 Sublimation of Blood     Necr           0%         N/A       73%         2
 Wereblood                Tmut           0%         N/A       73%         2
 Tukima's Dance           Hex            0%         N/A       91%         3
 Summon Hydra             Summ           0%         N/A       100%        7


Dungeon Overview and Level Annotations

Branches:
Dungeon (6/15)              Sewer (visited)
 Temple: D:4-7

Altars:

Annotations:
D:3 1 runed translucent door


Message History

Unknown command.
Press: ? - help, v - describe, . - travel
Here: a wyvern zombie (wandering, hasn't noticed you)
The floor.
Unknown command.
Press: ? - help, v - describe, . - travel
Here: a wyvern zombie (wandering, hasn't noticed you)
The floor.
Unknown command.
The wyvern zombie closely misses you. The wyvern zombie bites you.
You sock the wyvern zombie!
The wyvern zombie is moderately damaged.
The wyvern zombie bites you.
* * * LOW HITPOINT WARNING * * *
You thump the wyvern zombie!
The wyvern zombie is severely damaged.
The wyvern zombie bites you.
* * * LOW HITPOINT WARNING * * *
The wyvern zombie bites you!
* * * LOW HITPOINT WARNING * * *
Aiming: Charm
Press: ? - help, Shift-Dir - straight line, f - wyvern zombie
Aim: a wyvern zombie (severely damaged, chance to affect: 58%)
Okay, then.
Unknown command.
Press: ? - help, v - describe, . - travel
Here: a wyvern zombie (severely damaged)
The floor.
Unknown command.
Unknown command.
You feel better. The wyvern zombie bites you!
* * * LOW HITPOINT WARNING * * *
You hit the wyvern zombie.
The wyvern zombie is severely damaged.
The wyvern zombie barely misses you.
You hit the wyvern zombie.
The wyvern zombie is almost destroyed.
The wyvern zombie bites you but does no damage.
The wyvern zombie bites you.
You die...

#.......# ########....######...
#.......# #>...................
#.......# #)######....##...####
#.......# #)# #....##...#,,,
#.....†.####.######....##...#,,,
####.......#.....##....##...#,,,
#...#.........#########..#,,,
#?..#.........# #.)#,,,
#o###.......@.#***** ##.#,,,
#)#*###.#....Z.....# ##.#,,,
#.#,,...#..........# #..####
#h#,#####.##.......# #......
****#o#,,,,<#.##.......####......
,,,,Zo#,*,,,#....................
****..#,,,**#.*#########....#....
,,,,..g,,,,,,,,** #....###)#
,**,***,***,,*,,* #........#


You could see a wyvern zombie.

Vanquished Creatures
  The ghost of Hyperion the Ruffian, an amateur VSTm (D:3)
  2 ice beasts (D:4)
  A necrophage (D:3)
  An ogre (D:6)
  A phantom (D:6)
  3 bullfrogs
  A scorpion (D:4)
  A water moccasin skeleton (D:4)
  A howler monkey (D:6)
  4 hounds
  An orc priest (D:5)
  2 bullfrog skeletons
  An iguana (D:6)
  2 orc wizards (D:5)
  A gnoll (D:6)
  10 adders
  5 worms
  14 orcs
  15 ball pythons
  10 endoplasms
  13 giant cockroaches
  6 hobgoblins
  2 jackals (D:1)
  7 quokkas
  3 bats
  4 frilled lizards
  6 goblins
  2 kobolds
  2 rats
122 creatures vanquished.

Vanquished Creatures (collateral kills)
  An orc (D:6)
1 creature vanquished.

Vanquished Creatures (others)
  An orc (D:6)
  4 toadstools (D:1)
5 creatures vanquished.

Grand Total: 128 creatures vanquished

Notes
Turn   | Place    | Note
-------+----------+-------------------------------------------
     0 | D:1      | Gabide the Human Monk began the quest for the Orb.
     0 | D:1      | Reached XP level 1. HP: 18/18 MP: 1/1
   201 | D:1      | Reached XP level 2. HP: 20/24 MP: 2/2
   262 | D:1      | Found a faded altar of an unknown god.
   335 | D:1      | Reached skill level 1 in Axes
   351 | D:1      | Reached XP level 3. HP: 29/29 MP: 3/3
  1914 | D:3      | Reached XP level 4. HP: 27/35 MP: 4/4
  2108 | D:3      | Found a runed translucent door.
  2125 | D:3      | Noticed Hyperion's ghost (amateur VSTm)
  2260 | D:3      | Reached skill level 1 in Armour
  2422 | D:3      | Found a runed translucent door.
  2473 | D:3      | Killed Hyperion's ghost
  2474 | D:3      | Reached XP level 5. HP: 20/41 MP: 5/5
  2949 | D:3      | Noticed a necrophage
  2973 | D:3      | Killed a necrophage
  2974 | D:3      | Reached XP level 6. HP: 34/48 MP: 6/6
  3520 | D:4      | Reached XP level 7. HP: 37/53 MP: 7/7
  4393 | D:4      | Reached skill level 1 in Maces & Flails
  5014 | D:5      | Entered Level 5 of the Dungeon
  5083 | D:5      | Reached XP level 8. HP: 47/60 MP: 8/8
  5242 | D:5      | Found a glowing drain.
  5557 | Sewer    | Entered a sewer
  6703 | D:6      | Reached skill level 5 in Maces & Flails
  6750 | D:6      | Reached skill level 5 in Fighting
  6785 | D:6      | HP: 3/62 [wyvern zombie (12)]
  6788 | D:6      | Slain by a wyvern zombie

Illustrated notes

Levels and vault maps discovered:
D:1:      ldierk_walled_garden_2, layout_basic,
          ebering_ecumenical_altar_abandoned
D:2:      layout_loops_corners, minmay_tiny_reverse_x
D:3:      layout_basic, ebering_ghost_sewer_f, kennysheep_another_room
D:4:      layout_cave_pools
D:5:      layout_basic, gup_sewer_entry_glass, minmay_misc_feat_ornament,
          grunt_ministairs_11
D:6:      layout_basic, beargit_hepliaklqana_dungeon_heroes, lemuel_tele_altar,
          minmay_ruined_shrine

Skill      XL: |  1  2  3  4  5  6  7  8 |
---------------+-------------------------+-----
Axes           | 1 3 4 |  4.5
Armour         | 1 2 3 4 |  4.1
Fighting       | 4 5 |  5.0
Maces & Flails | 3 5 |  5.3
Dodging        | 4 |  4.2
Stealth        | 3 |  3.2
Polearms       | |  3.0
Evocations     | |  0.1

Action                   |  1- 3 |  4- 6 |  7- 9 || total
-------------------------+-------+-------+-------++-------
Melee: Spear             |    12 |       |       ||    12
       Hand axe          |   108 |   126 |       ||   234
       Flail             |       |       |   250 ||   250
Evoke: Wand              |       |       |     4 ||     4
  Use: Scroll            |     5 |     2 |     5 ||    12
       Potion            |       |     3 |     6 ||     9
 Stab: Sleeping          |     7 |       |       ||     7
Armor: Ring mail         |    43 |    39 |   120 ||   202
       Robe              |     1 |       |       ||     1
Dodge: Dodged            |    53 |    64 |   180 ||   297
